 Dungeon Crawl Stone Soup version 0.24.1-14-gf8d2b509d9 (webtiles) character file.

Game seed: 6254059415951152136, levelgen mode: deterministic

7015 tkbsonic5 the Fighter (level 10, 0/92 HPs)
             Began as a Minotaur Monk on Nov 25, 2021.
             Was an Elder of the Shining One.
             Succumbed to an orc warrior's poison
             ... on level 9 of the Dungeon.
             The game lasted 00:36:03 (9170 turns).

tkbsonic5 the Fighter (Minotaur Monk)               Turns: 9170, Time: 00:36:05

Health: 0/92       AC: 16    Str: 22    XL:     10   Next: 82%
Magic:  10/14      EV:  9    Int: 15    God:    the Shining One [****..]
Gold:   384        SH:  0    Dex: 13    Spells: 9/9 levels left

rFire    x . .     SeeInvis .   b - +10 dagger of Cheibriados's Whim {venom, rF- rN+++ Str-2 Int+5, Sister Abigail}
rCold    + . .     Gourm    +   (no shield)
rNeg     + + +     Faith    .   C - +1 plate armour
rPois    .         Spirit   .   (helmet restricted)
rElec    .         Reflect  .   f - scarf {repulsion} {Confidence Field}
rCorr    .         Harm     .   k - +0 pair of gloves
MR       .....                  n - +0 pair of boots
Stlth    ..........             o - amulet of the gourmand
HPRegen  0.25/turn              r - +2 ring of slaying
MPRegen  0.14/turn              w - ring of protection from cold

@: mighty, brilliant, lethally poisoned (0 -> -4), glowing, repel missiles
A: retaliatory headbutt, beak, horns 2, dopey 1, MP-powered wands
a: Divine Shield, Cleansing Flame, Renounce Religion


You were on level 9 of the Dungeon.
You worshipped the Shining One.
The Shining One was greatly pleased with you.
You were not hungry.

You visited 2 branches of the dungeon, and saw 11 of its levels.
You also visited: Sewer.

You collected 591 gold pieces.
You spent 207 gold pieces at shops.

Inventory:

Hand Weapons
 b - the +10 dagger of Cheibriados's Whim (weapon) {venom, rF- rN+++ Str-2 Int+5, Sister Abigail}
   (You took it off an orc on level 5 of the Dungeon)

   It poisons the flesh of those it strikes.
   It affects your strength (-2).
   It affects your intelligence (+5).
   It makes you vulnerable to fire.
   It renders you almost immune to negative energy.
 d - a +0 great sword
 q - a +0 dagger of venom
 y - a +0 battleaxe
 A - a +0 hand axe of venom
Missiles
 h - 17 poisoned darts (quivered)
 B - 4 curare-tipped darts
 F - 4 throwing nets
Armour
 f - a scarf of repulsion (worn) {Confidence Field}
 k - a +0 pair of gloves (worn)
 n - a +0 pair of boots (worn)
 C - a +1 plate armour (worn)
 H - a +2 chain mail of fire resistance
Magical Staves
 J - an uncursed staff of conjuration {unknown}
Jewellery
 o - an amulet of the gourmand (around neck)
 r - a +2 ring of slaying (left hand)
 w - a ring of protection from cold (right hand)
Wands
 j - a wand of acid (3)
 p - a wand of polymorph (8)
 s - a wand of enslavement (11)
 v - a wand of paralysis (7)
 G - a wand of flame (18)
 I - a wand of digging (2)
Scrolls
 a - a scroll of remove curse
 g - a scroll of fog
 i - 9 scrolls of teleportation
 t - 2 scrolls of magic mapping
 u - a scroll of enchant weapon {unknown}
 D - a scroll of noise {unknown}
 K - a scroll of identify
Potions
 e - 4 potions of haste
 l - a potion of flight
 m - a potion of magic
 z - a potion of might
Comestibles
 c - 15 rations


   Skills:
 * Level 9.7 Fighting
 * Level 6.8(7.8) Short Blades
 - Level 6.3(7.9) Long Blades
 * Level 7.3 Throwing
 + Level 6.1 Armour
 + Level 6.7 Dodging
 - Level 1.5 Stealth
 * Level 6.7 Invocations
 + Level 1.8 Evocations


You had 9 spell levels left.
You didn't know any spells.
Your spell library contained the following spells:

 Spells                   Type           Power        Failure   Level  Hunger
 Ignite Poison            Fire/Tmut/Pois #.......     75%         3    ####...
 Fireball                 Conj/Fire      #.........   100%        5    ######.
 Bolt of Fire             Conj/Fire      #.........   100%        6    #######
 Ring of Flames           Chrm/Fire      #.........   100%        7    #######
 Ignition                 Fire           #.........   100%        8    #######


Dungeon Overview and Level Annotations

Branches:
Dungeon (10/15)            Temple (1/1) D:4            Lair (0/6) D:9
  Sewer (visited)
    Orc: D:9-12

Altars:
Cheibriados
Dithmenos
Elyvilon
Fedhas
Gozag
Hepliaklqana
Kikubaaqudgha
Makhleb
Ru
Trog
Uskayaw
Vehumet
Xom
The Shining One

Shops:
D:4 [(!(   D:7 =

Annotations:
D:2 Natasha


Innate Abilities, Weirdness & Mutations

You reflexively headbutt those who attack you in melee.
You have a pair of horns on your head.
You have a beak for a mouth.
You are dopey. (Int -2)
You expend magic power (3 MP) to strengthen your wands.


Message History

* * * LOW HITPOINT WARNING * * *
You feel sick.
* * * LOW HITPOINT WARNING * * *
You feel sick.
* * * LOW HITPOINT WARNING * * *
You feel sick.
* * * LOW HITPOINT WARNING * * *
You feel sick.
* * * LOW HITPOINT WARNING * * *
You feel sick.
* * * LOW HITPOINT WARNING * * *
You feel sick.
* * * LOW HITPOINT WARNING * * *
You feel sick.
* * * LOW HITPOINT WARNING * * *
You feel sick.
You feel a bit more experienced. The Shining One protects you from harm!
* * * LOW HITPOINT WARNING * * *
You feel sick.
You die...

..............................#
.#####...##...................#
### #...####............#.#####
..# #.### ##..........##.#
#.###.# #######.#####.######
#.##..# #######....##......#
#.##.## #....##..#..#......#
#....# #....###.##........#
###..# #...@###...........# #..##
#.....####.........## #...###
#....................
####..).#####..................##
...........#####...).......<...##
......##......[..#...............
......##...###..##..........#####
..............#.............##
.[..........................รท###


There were no monsters in sight!

Vanquished Creatures
  Harold (D:7)
  A two-headed ogre (D:9)
  A komodo dragon (D:9)
  A hornet (D:9)
  2 hippogriffs
  6 yaks
  Menkaure (D:7)
  A warg (D:9)
  3 orc warriors
  3 ice beasts
  2 phantoms (D:6)
  2 sky beasts
  7 ogres
  A centaur (D:9)
  3 big kobolds
  5 bullfrogs
  A scorpion (D:4)
  2 howler monkeys (D:7)
  A wight (D:7)
  4 crimson imps
  2 bullfrog zombies
  A centaur zombie (D:8)
  A jelly (D:5)
  6 orc wizards
  A quasit (D:8)
  8 orc priests
  3 bullfrog skeletons
  Jessica (D:2)
  2 iguanas
  Natasha (twice) (D:2)
  5 worker ants
  A hound skeleton (D:7)
  A howler monkey zombie (D:5)
  Robin (D:2)
  14 adders
  3 gnolls (D:8)
  5 river rats
  4 shadow imps
  3 worms
  3 dart slugs
  5 leopard geckos
  26 orcs
  3 ball pythons
  9 bats
  6 giant cockroaches
  17 goblins
  14 hobgoblins
  9 jackals
  5 quokkas
  15 frilled lizards
  24 kobolds
  A leopard gecko skeleton (D:4)
  16 rats
265 creatures vanquished.

Vanquished Creatures (others)
  A plant (D:9)
1 creature vanquished.

Grand Total: 266 creatures vanquished

Notes
Turn   | Place    | Note
-------+----------+-------------------------------------------
     0 | D:1      | tkbsonic5 the Minotaur Monk began the quest for the Orb.
     0 | D:1      | Reached XP level 1. HP: 19/19 MP: 0/0
    86 | D:1      | Reached XP level 2. HP: 14/27 MP: 1/1
   124 | D:1      | Reached skill level 1 in Armour
   163 | D:1      | Reached skill level 4 in Fighting
   457 | D:1      | Reached XP level 3. HP: 32/33 MP: 2/2
   968 | D:2      | Reached skill level 1 in Throwing
   997 | D:2      | Reached XP level 4. HP: 40/40 MP: 3/3
  1040 | D:2      | Noticed Jessica
  1046 | D:2      | Killed Jessica
  1174 | D:2      | Noticed Robin
  1178 | D:2      | Noticed Natasha
  1188 | D:2      | Killed Natasha
  1188 | D:2      | Reached XP level 5. HP: 26/47 MP: 4/4
  1193 | D:2      | Killed Robin
  1253 | D:2      | Noticed Natasha
  1262 | D:2      | Killed Natasha
  1262 | D:2      | Reached skill level 5 in Long Blades
  1659 | D:2      | Noticed Natasha
  1699 | D:3      | Found a burning altar of Makhleb.
  2537 | D:3      | Gained mutation: You expend magic power (3 MP) to
                  | strengthen your wands. [potion of mutation]
  2537 | D:3      | Gained mutation: You are dopey. (Int -2) [potion of
                  | mutation]
  2537 | D:3      | Gained mutation: You have a beak for a mouth. [potion of
                  | mutation]
  2567 | D:4      | Found a glowing drain.
  2586 | Sewer    | Entered a sewer
  2610 | Sewer    | Reached skill level 5 in Fighting
  2733 | Sewer    | Reached XP level 6. HP: 44/56 MP: 5/5
  3182 | D:4      | Found a staircase to the Ecumenical Temple.
  3195 | Temple   | Entered the Ecumenical Temple
  3210 | Temple   | Became a worshipper of the Shining One
  3210 | Temple   | Reached * piety under the Shining One
  3210 | Temple   | Reached ** piety under the Shining One
  3614 | D:4      | Found Bewkishri's Weapon Boutique.
  3616 | D:4      | Found Kayrph's Distillery.
  3617 | D:4      | Found Siriqom's Weapon Boutique.
  3618 | D:4      | Found Onuol's Antique Armour Boutique.
  3635 | D:4      | Bought a chain mail for 81 gold pieces
  3638 | D:4      | Bought a potion of might for 56 gold pieces
  3638 | D:4      | Bought a potion of heal wounds for 70 gold pieces
  4088 | D:5      | Entered Level 5 of the Dungeon
  4102 | D:5      | Reached skill level 1 in Invocations
  4102 | D:5      | Reached XP level 7. HP: 55/61 MP: 4/6
  4115 | D:5      | Found an opulent altar of Gozag.
  4297 | D:5      | Identified the +10 dagger of Cheibriados's Whim {venom, rF-
                  | rN+++ Str-2 Int+5}
  4328 | D:5      | Reached skill level 6 in Fighting
  4822 | D:5      | Found a snail-covered altar of Cheibriados.
  5337 | D:6      | Reached skill level 1 in Short Blades
  5337 | D:6      | Reached XP level 8. HP: 70/70 MP: 8/8
  5990 | D:7      | Reached skill level 5 in Dodging
  6255 | D:7      | Reached skill level 7 in Fighting
  6342 | D:7      | Reached skill level 5 in Throwing
  6368 | D:7      | Noticed a hippogriff
  6373 | D:7      | Killed a hippogriff
  6373 | D:7      | Reached XP level 9. HP: 52/79 MP: 9/11
  6509 | D:7      | Noticed Harold
  6524 | D:7      | Killed Harold
  6573 | D:7      | HP: 4/81 [poisoned by Harold]
  6578 | D:7      | HP: 4/81 [poisoned by Harold]
  6583 | D:7      | HP: 4/81 [poisoned by Harold]
  6589 | D:7      | HP: 4/81 [poisoned by Harold]
  6931 | D:7      | Noticed Menkaure
  6940 | D:7      | Killed Menkaure
  6940 | D:7      | Reached skill level 8 in Fighting
  6985 | D:7      | Found Xaton's Jewellery Emporium.
  7167 | D:7      | Reached skill level 5 in Invocations
  7177 | D:7      | Reached *** piety under the Shining One
  7380 | D:8      | Reached skill level 5 in Armour
  7398 | D:8      | Reached skill level 5 in Short Blades
  7574 | D:8      | Found a white marble altar of Elyvilon.
  7580 | D:8      | Found a bloodstained altar of Trog.
  7759 | D:8      | Reached XP level 10. HP: 80/90 MP: 13/13
  8025 | D:9      | Reached skill level 9 in Fighting
  8105 | D:9      | Reached skill level 1 in Evocations
  8490 | D:9      | Found a staircase to the Lair.
  8561 | D:9      | Noticed a two-headed ogre
  8566 | D:9      | Killed a two-headed ogre
  8818 | D:10     | Entered Level 10 of the Dungeon
  9137 | D:10     | Reached **** piety under the Shining One
  9142 | D:10     | Noticed a two-headed ogre
  9163 | D:9      | HP: 4/92 [poisoned by an orc warrior]
  9167 | D:9      | HP: 1/92 [poisoned by an orc warrior]
  9168 | D:9      | The Shining One protects you from harm!
  9170 | D:9      | Succumbed to an orc warrior's poison

Levels and vault maps discovered:
D:1:      kennysheep_arrival_forest, layout_rooms
D:2:      layout_basic, uniq_robin, uniq_natasha, uniq_jessica
D:3:      layout_loops_corners, overflow_temple_1_default, minivault_19
D:4:      layout_basic, minmay_temple_entry_glass, portal_sewer_entry_b,
          minmay_shop_grid_forest, minivault_4, chequers_garden
D:5:      layout_layer_cave, kennysheep_mini_moat, first_ration,
          cheibrodos_worm_habitat
D:6:      layout_basic, nicolae_lava_and_water
D:7:      minmay_clustersquares, layout_basic, grunt_ogre_cave,
          minmay_shop_enchanted_jewellery, abandoned_shop, glass_columns_a,
          uniq_menkaure, uniq_harold
D:8:      layout_rooms, amethyst_overflow_temple_binary
D:9:      layout_rooms, david_lair_shrubbed
D:10:     layout_stronghold, erik_orc_4
Temple:   eino_narrow_crystal_temple

Skill      XL: |  1  2  3  4  5  6  7  8  9 10 |
---------------+-------------------------------+-----
Armour         | 1 2 3 4 5 6 |  6.1
Long Blades    | 4 5 6 |  6.3
Fighting       | 4 5 6 7 8 9 |  9.7
Throwing       | 1 2 3 4 5 6 7 |  7.3
Dodging        | 4 5 6 |  6.7
Invocations    | 1 2 4 5 6 |  6.7
Short Blades   | 1 3 5 6 |  6.8
Evocations     | 1 |  1.8
Stealth        | |  1.5

Action                   |  1- 3 |  4- 6 |  7- 9 | 10-12 || total
-------------------------+-------+-------+-------+-------++-------
Melee: Falchion          |    82 |   150 |    36 |       ||   268
       Headbutt          |    10 |    33 |    40 |    25 ||   108
       Peck              |       |    18 |    28 |    24 ||    70
       Dagger            |       |       |   172 |   121 ||   293
Throw: Stone             |    10 |     7 |       |       ||    17
       Dart              |       |     1 |    31 |    18 ||    50
Invok: Divine Shield     |       |       |     2 |     1 ||     3
       Cleansing Flame   |       |       |       |     1 ||     1
Evoke: Wand              |       |       |       |     1 ||     1
  Use: Scroll            |     4 |     3 |     8 |     1 ||    16
       Potion            |       |     5 |     3 |     2 ||    10
 Stab: Sleeping          |     1 |     2 |       |       ||     3
  Eat: Chunk             |       |     4 |     2 |       ||     6
       Ration            |       |     2 |     4 |       ||     6
Armor: Robe              |    10 |       |       |       ||    10
       Ring mail         |    23 |    45 |     6 |       ||    74
       Plate armour      |       |       |   100 |    73 ||   173
Dodge: Dodged            |    46 |   113 |    55 |    26 ||   240
       Deflected         |       |       |     4 |     6 ||    10
Block: Other             |       |       |     4 |     4 ||     8
       Rpst.: Falchion   |    11 |    32 |     4 |       ||    47
